 Dungeon Crawl Stone Soup version 0.19.1-1-g22dce08 (webtiles) character file.

2790 kae the Carver (level 10, -6/79 HPs)
             Began as a Formicid Fighter on Dec 30, 2016.
             Killed from afar by an electric eel (11 damage)
             ... with a bolt of electricity
             ... on level 6 of the Dungeon.
             The game lasted 00:07:32 (7382 turns).

kae the Carver (Formicid Fighter)                   Turns: 7382, Time: 00:07:33

Health: -6/79      AC:  9    Str: 28    XL:     10   Next: 2%
Magic:  19/19      EV:  9    Int:  8    God:
Gold:   611        SH: 11    Dex: 10    Spells: 0 memorised, 9 levels left

rFire  . . .     SeeInvis +     a - +1 long sword
rCold  . . .     Gourm    .     b - +0 scale mail
rNeg   . . .     Faith    .     c - +0 shield
rPois  .         Spirit   .     (helmet unavailable)
rElec  .         Reflect  .     B - +0 cloak
rCorr  .         Harm     .     (no gloves)
MR     +....                    (no boots)
Stlth  ..........               (no amulet)
                                g - +4 ring of strength
                                v - ring of magical power

@: no status effects
A: permanent stasis, dig shafts and tunnels, four strong arms, antennae 3
a: Dig, Shaft Self


You were on level 6 of the Dungeon.
You were hungry.

You visited 1 branch of the dungeon, and saw 6 of its levels.

You collected 611 gold pieces.

Inventory:

Hand Weapons
 a - a +1 long sword (weapon)
Armour
 b - a +0 scale mail (worn)
 c - a +0 shield (worn)
 x - a +0 pair of gloves
 B - a +0 cloak (worn)
Jewellery
 e - an uncursed ring of ice
 g - a +4 ring of strength (right hand)
 v - a ring of magical power (left hand)
Wands
 d - a wand of polymorph (1/24)
Scrolls
 j - 3 scrolls of enchant weapon
 l - 3 scrolls of teleportation
 t - 3 scrolls of identify
 u - a scroll of recharging
 w - a scroll of blinking {unknown}
 y - a scroll of fog
 z - 2 scrolls of remove curse {unknown}
Potions
 h - a potion of cure mutation {unknown}
 i - a potion of heal wounds {unknown}
 m - a potion of mutation {unknown}
 n - a potion of berserk rage {unknown}
 o - 3 potions of flight
 q - a potion of lignification
 r - 2 potions of haste
 s - a potion of agility {unknown}
 C - a potion of ambrosia {unknown}
Books
 p - the Grimoire of Air and Good Luck
   (You found it on level 5 of the Dungeon)

   Spells                             Type                      Level
   a - Swiftness                      Charms/Air                   2
   b - Regeneration                   Charms/Necromancy            3
   c - Airstrike                      Air                          4
   d - Iskenderun's Battlesphere      Conjuration/Charms           5
 A - a book of Battle

   Spells                             Type                      Level
   a - Infusion                       Charms                       1
   b - Shroud of Golubria             Charms/Translocation         2
   c - Song of Slaying                Charms                       2
   d - Spectral Weapon                Hexes/Charms                 3
   e - Regeneration                   Charms/Necromancy            3
Comestibles
 f - 6 bread rations
 D - 3 fruits


   Skills:
 + Level 7.3 Fighting
 * Level 8.6 Long Blades
 + Level 7.0 Armour
 + Level 7.8 Shields


You had 9 spell levels left.
You didn't know any spells.

Dungeon Overview and Level Annotations

Branches:
Dungeon (6/15)
 Temple: D:4-7

Altars:
Cheibriados
Dithmenos
Fedhas
Makhleb
Nemelex Xobeh
Ru
Uskayaw
Xom
Yredelemnul

Shops:
D:4 *


Innate Abilities, Weirdness & Mutations

You are under a permanent stasis effect.
You can dig through walls and to a lower floor.
Your four strong arms can wield two-handed weapons with a shield.
You have a pair of large antennae on your head. (SInv)


Message History

The bolt of electricity hits you!
The electric eel shoots out a bolt of lightning at you!
The bolt of electricity hits you!
The freed slave completely misses the electric eel.
The electric eel shoots out a bolt of lightning at you!
The bolt of electricity hits you! x2
* * * LOW HITPOINT WARNING * * *
You enter the shallow water.
Moving in this stuff is going to be slow.
The electric eel shoots out a bolt of lightning at you!
The bolt of electricity hits you!
* * * LOW HITPOINT WARNING * * *
The bolt of electricity hits you!
* * * LOW HITPOINT WARNING * * *
You feel better.
The electric eel shoots out a bolt of lightning at you!
The bolt of electricity hits you!
* * * LOW HITPOINT WARNING * * *
The bolt of electricity hits you!
You die...

#...............
#......#########
#...............
#...............
#...............
#########...............
#.......................
#.......................
#≈≈.≈.≈@≈..≈≈≈.≈..≈≈≈≈≈.
#≈≈≈≈≈≈;p≈≈≈≈≈≈≈≈≈≈≈≈≈≈≈
#≈≈≈≈≈≈≈≈≈≈≈≈≈≈≈≈≈≈≈≈≈≈≈
#≈≈≈≈≈≈≈≈≈#####≈≈≈≈≈≈≈≈≈
#≈≈≈≈≈≈≈≈≈#...##########
#≈≈≈≈≈≈≈≈≈#...#.........
#≈≈≈≈≈≈≈≈≈#...#..(((((..
##≈≈≈≈≈≈≈≈##)##...).....
#.)....######


You could see an electric eel and a neutral freed slave (wandering).

Vanquished Creatures
  Pikel (D:6)
  The ghost of dvd the Stinger, a novice OpVM (D:5)
  Grinder (D:5)
  A water moccasin (D:6)
  3 sky beasts (D:6)
  A phantom (D:4)
  A centaur (D:5)
  2 big kobolds (D:6)
  Blork the orc (D:5)
  A bullfrog (D:6)
  An electric eel (D:6)
  A howler monkey (D:3)
  A bullfrog zombie (D:5)
  3 crimson imps
  5 hounds
  2 orc wizards (D:3)
  A bullfrog skeleton (D:6)
  Crazy Yiuf (D:5)
  An iguana (D:4)
  Jessica (D:2)
  Terence (D:2)
  6 worker ants
  A killer bee zombie (D:6)
  Robin (D:2)
  7 adders
  4 gnolls (D:6)
  An ooze (D:2)
  An adder zombie (D:5)
  An adder skeleton (D:6)
  3 worms
  5 leopard geckos
  13 orcs
  4 giant cockroaches
  14 goblins
  18 hobgoblins
  11 jackals
  A quokka (D:6)
  4 ball pythons
  9 bats
  4 frilled lizards
  A goblin zombie (D:6)
  2 jackal zombies (D:6)
  51 kobolds
  An orc zombie (D:6)
  7 rats
  A fungus (D:5)
202 creatures vanquished.

Vanquished Creatures (others)
  A centaur skeleton (D:6)
1 creature vanquished.

Grand Total: 203 creatures vanquished

Notes
Turn   | Place    | Note
-------+----------+-------------------------------------------
     0 | D:1      | kae the Formicid Fighter began the quest for the Orb.
     0 | D:1      | Reached XP level 1. HP: 18/18 MP: 1/1
   185 | D:1      | Reached XP level 2. HP: 20/24 MP: 2/2
   347 | D:1      | Reached XP level 3. HP: 29/29 MP: 3/3
   529 | D:1      | Reached skill level 3 in Long Blades
   817 | D:2      | Noticed Jessica
   822 | D:2      | Killed Jessica
   822 | D:2      | Reached XP level 4. HP: 37/37 MP: 4/4
  1399 | D:2      | Noticed Robin
  1430 | D:2      | Killed Robin
  1445 | D:2      | Reached XP level 5. HP: 34/42 MP: 5/5
  1464 | D:2      | Found a hide-covered altar of Uskayaw.
  1464 | D:2      | Noticed a dagger
  1465 | D:2      | Noticed a dagger
  1489 | D:2      | Noticed Terence
  1510 | D:2      | Killed Terence
  1570 | D:3      | Reached skill level 4 in Long Blades
  1610 | D:3      | Reached XP level 6. HP: 35/48 MP: 6/6
  2343 | D:3      | Found a sacrificial altar of Ru.
  2344 | D:3      | Found a snail-covered altar of Cheibriados.
  2514 | D:4      | Noticed a phantom
  2545 | D:4      | Killed a phantom
  2545 | D:4      | Reached skill level 5 in Shields
  2545 | D:4      | Reached XP level 7. HP: 40/55 MP: 7/7
  2589 | D:4      | Found a shimmering altar of Xom.
  2713 | D:4      | Found Xuziam's General Store.
  2783 | D:4      | Found a shadowy altar of Dithmenos.
  2784 | D:4      | Found a sparkling altar of Nemelex Xobeh.
  2997 | D:4      | Reached skill level 5 in Long Blades
  3489 | D:5      | Entered Level 5 of the Dungeon
  3505 | D:5      | Identified the Grimoire of Air and Good Luck
  3700 | D:5      | Reached skill level 5 in Fighting
  3981 | D:5      | Noticed dvd's ghost (novice OpVM)
  3994 | D:5      | Killed dvd's ghost
  3994 | D:5      | Reached skill level 6 in Long Blades
  3994 | D:5      | Reached skill level 5 in Armour
  3994 | D:5      | Reached XP level 8. HP: 30/63 MP: 8/8
  4541 | D:5      | Noticed Blork the orc
  4561 | D:5      | Killed Blork the orc
  4582 | D:5      | Noticed Grinder
  4595 | D:5      | Killed Grinder
  4871 | D:5      | You fall through a shaft!
  4872 | D:6      | Found a blossoming altar of Fedhas.
  4895 | D:6      | Found a burning altar of Makhleb.
  4911 | D:6      | Reached XP level 9. HP: 69/69 MP: 9/9
  5165 | D:5      | Found a runed door.
  5169 | D:5      | Noticed Crazy Yiuf
  5173 | D:5      | Killed Crazy Yiuf
  5173 | D:5      | Reached skill level 7 in Long Blades
  5555 | D:6      | Found a basalt altar of Yredelemnul.
  6018 | D:6      | HP: 3/71 [water moccasin (2)]
  6649 | D:6      | Reached skill level 8 in Long Blades
  6815 | D:6      | Noticed Pikel
  6829 | D:6      | Killed Pikel
  7043 | D:6      | Reached XP level 10. HP: 79/79 MP: 10/10
  7382 | D:6      | Killed from afar by an electric eel

Skill      XL: |  1  2  3  4  5  6  7  8  9 |
---------------+----------------------------+-----
Long Blades    | 3 4 6 8 |  8.6
Shields        | 4 5 6 7 |  7.8
Fighting       | 4 5 6 7 |  7.3
Armour         | 4 5 7 |  7.0

Action                   |  1- 3 |  4- 6 |  7- 9 | 10-12 || total
-------------------------+-------+-------+-------+-------++-------
Melee: Long sword        |    84 |   236 |   421 |     4 ||   745
       Unarmed           |       |       |     5 |       ||     5
 Abil: Dig               |     3 |     3 |     6 |       ||    12
  Use: Scroll            |     1 |     9 |     2 |       ||    12
       Potion            |       |       |     3 |     1 ||     4
  Eat: Chunk             |       |     6 |     9 |     1 ||    16
       Meat ration       |       |       |     1 |       ||     1
       Pizza             |       |       |     1 |       ||     1
Armor: Scale mail        |    51 |    69 |   135 |     1 ||   256
Dodge: Dodged            |    39 |    78 |   146 |     3 ||   266
Block: Shield            |    59 |   138 |   242 |     2 ||   441
       Rpst.: Long sword |    15 |    33 |    38 |       ||    86
